 Dungeon Crawl Stone Soup version 0.22.1-5-g62c59d919a (webtiles) character file.

1635 hello109 the Chopper (level 8, -8/74 HPs)
             Began as a Deep Dwarf Fighter on Jan 10, 2019.
             Was a Believer of Trog.
             Mangled by an orc warrior
             ... wielding a +0 trident
              (14 damage)
             ... on level 7 of the Dungeon.
             The game lasted 00:36:21 (5375 turns).

hello109 the Chopper (Deep Dwarf Fighter)           Turns: 5375, Time: 00:36:22

Health: -8/74      AC: 11    Str: 32    XL:     8   Next: 66%
Magic:  0/8        EV:  8    Int:  9    God:    Trog [**....]
Gold:   323        SH: 11    Dex: 12    Spells: 7/7 levels left

rFire    . . .     SeeInvis .   B - +1 war axe (flame)
rCold    . . .     Gourm    .   c - +0 shield
rNeg     . . .     Faith    .   Z - +0 chain mail
rPois    +         Spirit   +   G - +0 helmet
rElec    .         Reflect  .   t - scarf {Spirit}
rCorr    .         Harm     .   (no gloves)
MR       +....                  (no boots)
Stlth    ..........             (no amulet)
HPRegen  0.00/turn              e - ring of poison resistance
MPRegen  0.11/turn              y - +5 ring of strength

@: mighty, non-regenerating
A: damage resistance, heal wounds, sense surroundings 1, no regeneration
a: Heal Wounds, Berserk, Trog's Hand, Renounce Religion


You were on level 7 of the Dungeon.
You worshipped Trog.
Trog was pleased with you.
You were very hungry.

You visited 2 branches of the dungeon, and saw 8 of its levels.

You collected 323 gold pieces.

Inventory:

Hand Weapons
 a - a +0 war axe
 s - a +2 short sword of draining
 z - a +0 flail
 B - a +1 war axe of flaming (weapon)
 D - a cursed -1 whip
 F - a cursed -1 falchion
 K - a +0 morningstar
 L - a +1 quarterstaff of protection
 N - a +0 spear
 O - a +0 flail
 V - a +0 battleaxe
Missiles
 h - 176 stones (quivered)
 A - 46 arrows
 C - 34 poisoned needles
 P - 54 bolts
Armour
 b - a +0 scale mail
 c - a +0 shield (worn)
 g - a +0 cloak
 t - a scarf of spirit shield (worn)
 G - a +0 helmet (worn)
 Z - a +0 chain mail (worn)
Jewellery
 e - a ring of poison resistance (left hand)
 p - an uncursed ring of flight
 y - a +5 ring of strength (right hand)
 E - an uncursed ring of magical power
 R - an uncursed ring of positive energy
 S - an uncursed ring of stealth
 U - an uncursed ring of resist corrosion
Wands
 i - a wand of flame (33)
 W - a wand of acid (6)
Scrolls
 k - 3 scrolls of remove curse {unknown}
 l - 3 scrolls of teleportation {unknown}
 m - 3 scrolls of magic mapping
 o - a scroll of noise {unknown}
 u - a scroll of fear {unknown}
 x - 3 scrolls of random uselessness {unknown}
 H - a scroll of blinking {unknown}
 I - 2 scrolls of fog {unknown}
 J - a scroll of immolation {unknown}
 M - a scroll of amnesia {unknown}
 Y - a scroll of enchant armour {unknown}
Potions
 d - a potion of might
 j - a potion of lignification
 n - a potion of magic
 q - a potion of degeneration {unknown}
 r - a potion of agility
 v - 2 potions of mutation {unknown}
 w - a potion of cancellation {unknown}
 Q - a potion of brilliance {unknown}
 T - a potion of haste {unknown}
Comestibles
 f - 6 rations


   Skills:
 + Level 5.3 Fighting
 + Level 1.2 Short Blades
 + Level 7.5 Axes
 + Level 5.9 Armour
 + Level 2.2 Dodging
 + Level 1.2 Stealth
 + Level 6.1 Shields


You had 7 spell levels left.
You didn't know any spells.
Your spell library was empty.

Dungeon Overview and Level Annotations

Branches:
Dungeon (7/15)             Temple (1/1) D:5

Altars:
Cheibriados
Dithmenos
Elyvilon
Gozag
Hepliaklqana
Kikubaaqudgha
Makhleb
Nemelex Xobeh
Okawaru
Ru
Sif Muna
Trog
Uskayaw
Vehumet
Wu Jian
Xom
Yredelemnul
Zin
The Shining One


Innate Abilities, Weirdness & Mutations

You are resistant to damage.
You can heal yourself by infusing magical energy.
You passively map a small area around you.
You do not regenerate.


Message History

You kill the orc priest!
Trog accepts your kill.
You barely miss the quokka. You block the quokka's attack. x2
You slice the shadow imp!! You burn the shadow imp.
You kill the shadow imp!
Trog accepts your kill.
You miss the quokka. You block the quokka's attack.
You slice the necrophage!! You burn the necrophage.
You destroy the necrophage!
Trog accepts your kill.
You slash the quokka! You burn the quokka.
You kill the quokka!
Trog accepts your kill.
Things that are here:
a short sword; a robe; a quokka corpse
Found a scroll labeled CYAVECKANIBB.
You slash the orc warrior! You burn the orc warrior.
The orc warrior is heavily wounded.
The orc warrior hits you with a trident!
You die...

,.#############
..#..=.......#
..$.....(....# *
, .
.........%...#
..z.o..........#
,....oa.o.......#
?....o..(zo.<..#
.....####)######
...z...@#)######
*
......#oo......#
* * * .....
###.####..., , ,
...., ,..#** *
... #... , #.
##### * # *


You could see an orc warrior, a wight and an orc wizard.

Vanquished Creatures
  Grinder (D:5)
  A hungry ghost (D:7)
  An ice beast (D:6)
  A phantom (D:6)
  A necrophage (D:7)
  An ogre (D:6)
  The ghost of gre3edy the Chopper, an amateur DsMo (D:3)
  3 bullfrogs (D:6)
  A scorpion (D:3)
  A howler monkey (D:5)
  A wight (D:7)
  2 crimson imps
  A quasit (D:5)
  3 hounds (D:6)
  A jelly (D:6)
  An orc priest (D:7)
  Terence (D:2)
  An iguana (D:4)
  2 worker ants
  A hound zombie (D:5)
  5 adders
  6 gnolls
  A shadow imp (D:7)
  An adder skeleton (D:5)
  An adder zombie (D:1)
  3 dart slugs
  4 leopard geckos
  7 orcs
  9 bats
  2 giant cockroaches
  6 goblins
  5 hobgoblins
  7 jackals
  6 kobolds
  4 quokkas
  6 frilled lizards
  A giant cockroach zombie (D:1)
  A leopard gecko skeleton (D:4)
  4 rats
105 creatures vanquished.

Notes
Turn   | Place    | Note
-------+----------+-------------------------------------------
     0 | D:1      | hello109 the Deep Dwarf Fighter began the quest for the
                  | Orb.
     0 | D:1      | Reached XP level 1. HP: 20/20 MP: 1/1
   239 | D:1      | Reached XP level 2. HP: 18/27 MP: 2/2
   957 | D:2      | Reached XP level 3. HP: 20/34 MP: 0/3
  1037 | D:2      | Noticed Terence
  1046 | D:2      | Killed Terence
  1793 | D:3      | Found a bloodstained altar of Trog.
  1810 | D:3      | Reached XP level 4. HP: 29/42 MP: 0/4
  1824 | D:3      | Became a worshipper of Trog the Wrathful
  1834 | D:3      | Reached skill level 3 in Axes
  1882 | D:3      | Reached skill level 1 in Short Blades
  1917 | D:3      | Found a sparkling altar of Nemelex Xobeh.
  1921 | D:3      | Reached XP level 5. HP: 17/49 MP: 0/5
  1971 | D:3      | Found a runed gate.
  1971 | D:3      | Found a runed gate.
  1971 | D:3      | Found a runed gate.
  1972 | D:3      | Noticed gre3edy's ghost (amateur DsMo)
  2127 | D:3      | Found a hazy altar of Hepliaklqana.
  2184 | D:3      | Found a snail-covered altar of Cheibriados.
  2416 | D:3      | Killed gre3edy's ghost
  2416 | D:3      | Reached skill level 4 in Axes
  2563 | D:4      | Reached skill level 1 in Dodging
  2563 | D:4      | Reached XP level 6. HP: 11/56 MP: 0/6
  3006 | D:4      | Found a bloodstained altar of Trog.
  3039 | D:4      | Reached * piety under Trog
  3318 | D:5      | Entered Level 5 of the Dungeon
  3360 | D:5      | Noticed Grinder
  3364 | D:5      | Paralysed by Grinder for 2 turns
  3396 | D:5      | Killed Grinder
  3396 | D:5      | Reached skill level 5 in Axes
  3396 | D:5      | Reached XP level 7. HP: 49/63 MP: 0/7
  3505 | D:5      | Reached skill level 5 in Shields
  3546 | D:5      | Found a staircase to the Ecumenical Temple.
  3572 | Temple   | Entered the Ecumenical Temple
  3935 | D:5      | Reached skill level 1 in Stealth
  4011 | D:5      | Found a radiant altar of Vehumet.
  4328 | D:6      | Reached skill level 6 in Axes
  4335 | D:6      | Found a white marble altar of Elyvilon.
  4335 | D:6      | Found a hide-covered altar of Uskayaw.
  4392 | D:6      | Reached skill level 5 in Armour
  4476 | D:6      | Reached XP level 8. HP: 22/73 MP: 0/8
  4651 | D:6      | Reached ** piety under Trog
  4727 | D:6      | Reached skill level 5 in Fighting
  4885 | D:6      | Found a sacrificial altar of Ru.
  5365 | D:7      | Reached skill level 7 in Axes
  5375 | D:7      | Mangled by an orc warrior

Skill      XL: |  1  2  3  4  5  6  7  8 |
---------------+-------------------------+-----
Fighting       | 3 4 5 |  5.3
Axes           | 3 4 5 6 7 |  7.5
Short Blades   | 1 |  1.2
Shields        | 4 5 6 |  6.1
Armour         | 4 5 |  5.9
Dodging        | 1 2 |  2.2
Stealth        | 1 |  1.2

Action                   |  1- 3 |  4- 6 |  7- 9 || total
-------------------------+-------+-------+-------++-------
Melee: War axe           |    67 |    94 |   151 ||   312
       Short sword       |    36 |       |       ||    36
  Use: Scroll            |     2 |     2 |     2 ||     6
       Potion            |     1 |     3 |     3 ||     7
  Eat: Ration            |     1 |     2 |     1 ||     4
       Chunk             |       |     1 |       ||     1
Armor: Scale mail        |    77 |    47 |     4 ||   128
       Chain mail        |       |       |    67 ||    67
Dodge: Dodged            |    43 |    44 |    59 ||   146
Block: Shield            |    81 |    67 |    91 ||   239
